 Dungeon Crawl Stone Soup version 0.28-a0-312-gbced6e68ee (webtiles) character file.

Game seed: 10439696678375026644

6025 SkeletonJelly the Thaumaturge (level 11, -4/71 HPs)
             Began as a Djinni Cinder Acolyte on Aug 31, 2021.
             Was a High Priest of Ignis.
             Slain by a death yak (25 damage)
             ... on level 9 of the Dungeon.
             The game lasted 00:43:55 (15599 turns).

SkeletonJelly the Thaumaturge (DjCA)               Turns: 15599, Time: 00:43:55

Health: -4/71      AC:  9    Str: 20    XL:     11   Next: 11%
Gold:   519        EV: 11    Int: 19    God:    Ignis [*****.] SH:  0 Dex:  8

rFire   + + +      SeeInvis .   a - -1 falchion (flame)
rCold   x . .      Faith    .   (no shield)
rNeg    . . .      Spirit   .   b - +0 robe
rPois   ∞          Reflect  .   p - +1 helmet
rElec   .          Harm     .   (no cloak)
rCorr   .          Rampage  .   q - +0 pair of gloves
Will    +....                   (boots unavailable)
Stlth   +.........              (no amulet)
HPRegen 0.21/turn               K - +6 ring of strength
MPRegen 0.00/turn               v - +4 ring of protection

@: flying
A: sickness immunity, fire resistance 2, cold vulnerability 1, float, innate
caster, hp casting, extra vitality 1
a: Renounce Religion, Sea of Fire, Foxfire Swarm, Rising Flame


You were on level 9 of the Dungeon.
You worshipped Ignis.
Ignis was extremely pleased with you.
You visited 2 branches of the dungeon, and saw 10 of its levels.

You collected 519 gold pieces.

Inventory:

Hand Weapons
 a - a -1 falchion of flaming (weapon)
 l - a +0 short sword of venom
 s - a +3 short sword
 z - a +1 dagger of electrocution
Missiles
 w - 20 poisoned darts
 J - a throwing net
Armour
 b - a +0 robe (worn)
 p - a +1 helmet (worn)
 q - a +0 pair of gloves (worn)
Jewellery
 h - a +4 ring of evasion
 v - a +4 ring of protection (right hand)
 H - the ring "Zuaga" {rC- rN+ Will+ Dex+4}
   (You found it on level 8 of the Dungeon)

   [ring of willpower]

   Dex:       It affects your dexterity (+4).
   rC:        It makes you vulnerable to cold.
   rN:        It protects you from negative energy.
   Will:      It increases your willpower.
 K - a +6 ring of strength (left hand)
Wands
 j - a wand of mindburst (14)
 A - a wand of digging (3)
Scrolls
 c - 7 scrolls of identify {unknown}
 d - 4 scrolls of teleportation {unknown}
 e - 4 scrolls of immolation {unknown}
 g - a scroll of summoning {unknown}
 i - 2 scrolls of enchant armour {unknown}
 m - a scroll of silence {unknown}
 o - 2 scrolls of enchant weapon {unknown}
 y - 3 scrolls of magic mapping {unknown}
 B - 2 scrolls of blinking {unknown}
 D - a scroll of torment {unknown}
 G - a scroll of vulnerability {unknown}
 I - a scroll of fear {unknown}
Potions
 f - a potion of ambrosia {unknown}
 k - a potion of haste {unknown}
 n - 2 potions of brilliance {unknown}
 r - a potion of lignification {unknown}
 t - 2 potions of might {unknown}
 u - 2 potions of attraction {unknown}
 x - 3 potions of curing {unknown}
 C - a potion of magic {unknown}
 E - 2 potions of flight {unknown}
 F - a potion of heal wounds {unknown}
Miscellaneous
 L - a box of beasts


   Skills:
 - Level 3.0 Fighting
 - Level 4.0 Long Blades
 * Level 11.9 Spellcasting


You had 19 spell levels left.
You knew the following spells:

 Your Spells              Type           Power      Damage    Failure   Level
a - Foxfire               Conj/Fire      100%       2x1d9     1%          1
b - Lee's Rapid Deconstr  Erth           27%        3d15*     1%          5
i - Call Imp              Summ           54%        N/A       1%          2
p - Passwall              Tmut/Erth      45%        N/A       1%          2
q - Freeze                Ice            100%       1d11      1%          1
x - Call Canine Familiar  Summ           54%        N/A       1%          3
Your spell library was empty.

Dungeon Overview and Level Annotations

Branches:
Dungeon (9/15)             Temple (1/1) D:7            Lair (0/6) D:9
    Orc: D:9-12

Altars:
Ashenzari
Cheibriados
Dithmenos
Elyvilon
Fedhas
Gozag
Hepliaklqana
Kikubaaqudgha
Makhleb
Nemelex Xobeh
Okawaru
Qazlal
Ru
Sif Muna
Trog
Uskayaw
Vehumet
Wu Jian
Xom
Yredelemnul
Zin
The Shining One

Shops:
D:1 [   D:5 !   D:6 (


Innate Abilities, Weirdness & Mutations

You are immune to sickness and miasma.
You are immune to poison.
Your flesh is very heat resistant. (rF++)
You are vulnerable to cold. (rC-)
You float through the air rather than walking.
You learn spells naturally, not from books.
Your magical power is your life essence.
You have superior vitality. (+4 HP)


Message History

Health restored: 71 You swap places.
Key pressed, stopping explore.
Found a staircase to the Lair.
The gnoll sergeant shouts!
The gnoll sergeant hits you with a +0 spear!
You take 10 damage, and have 61/71 hp.
You barely miss the gnoll sergeant. The gnoll sergeant barely misses you.
The gnoll sergeant blocks your wolf's attack.
You barely miss the gnoll sergeant.
Your wolf bites the gnoll sergeant.
The gnoll sergeant barely misses you.
Your wolf bites the gnoll sergeant but does no damage.
You barely miss the gnoll sergeant.
The gnoll sergeant is lightly wounded.
Your wolf bites the gnoll sergeant but does no damage.
The gnoll sergeant completely misses you.
Your wolf bites the gnoll sergeant!
The gnoll sergeant hits you with a +0 spear.
You take 6 damage, and have 56/71 hp.
Casting: Call Canine Familiar (safe; 1% risk of failure)
Confirm with . or Enter, or press ? or * to list all spells.
A beastly little devil appears in a puff of flame.
The gnoll sergeant blocks your wolf's attack.
Your wolf completely misses the gnoll sergeant.
The gnoll sergeant hits you with a +0 spear.
You take 6 damage, and have 50/71 hp.
You hit the gnoll sergeant. You burn the gnoll sergeant.
The gnoll sergeant is heavily wounded.
Your wolf bites the gnoll sergeant but does no damage.
The gnoll sergeant hits you with a +0 spear.
Your wolf closely misses the gnoll sergeant.
You take 2 damage, and have 48/71 hp.
You barely miss the gnoll sergeant.
The gnoll sergeant is heavily wounded.
The gnoll sergeant blocks your wolf's attack.
The gnoll sergeant hits you but does no damage.
You hit the gnoll sergeant. You burn the gnoll sergeant.
The gnoll sergeant is heavily wounded.
Your wolf bites the gnoll sergeant.
The gnoll sergeant misses your wolf. The gnoll sergeant blocks your attack.
You catch the helpless gnoll sergeant completely off-guard!
You hit the gnoll sergeant. You burn the gnoll sergeant.
The gnoll sergeant is almost dead.
The gnoll sergeant blocks your wolf's attack.
Your crimson imp closely misses the gnoll sergeant.
Your wolf closely misses the gnoll sergeant.
The gnoll sergeant hits you with a +0 spear.
You take 3 damage, and have 46/71 hp.
You hit the gnoll sergeant but do no damage.
The gnoll sergeant is almost dead.
Your wolf bites the gnoll sergeant but does no damage.
Your crimson imp barely misses the gnoll sergeant.
The gnoll sergeant barely misses you.
Your wolf bites the gnoll sergeant.
The gnoll sergeant dies!
y - 3 scrolls labelled ORIED EJAW (gained 2)
Items here: ( ) [[ †.
A death yak is nearby!
You regained 2 hp, and now have 49/71 hp.
A death yak is nearby!
A death yak is nearby!
A death yak is nearby!
A death yak is nearby!
A death yak is nearby!
An orc comes into view. It is wielding a +0 club.
Your crimson imp blinks!
Casting: Call Imp (safe; 1% risk of failure)
Confirm with . or Enter, or press ? or * to list all spells.
You conjure some foxfire!
Your crimson imp blinks!
Casting: Foxfire (safe; 1% risk of failure)
Confirm with . or Enter, or press ? or * to list all spells.
Aiming: Freeze (safe; 1% risk of failure)
Press: ? - help, Shift-Dir - straight line, f - death yak
Aim: a death yak (ally target)
You freeze the death yak!
The death yak is lightly wounded.
The foxfire hits the death yak but does no damage.
The death yak is lightly wounded.
The foxfire hits the death yak.
The death yak is lightly wounded.
Your wolf bites the death yak.
The death yak gores you!!
Your wolf bites the death yak but does no damage.
You take 26 damage, and have 23/71 hp.
MASSIVE DAMAGE!!
Your wolf bites the death yak.
The death yak gores your wolf.
Aiming: Mindburst
Press: ? - help, Shift-Dir - straight line, f/p - death yak
Aim: a death yak (moderately wounded, ally target, chance to affect: 7%)
Okay, then.
Casting: Freeze (safe; 1% risk of failure)
Confirm with . or Enter, or press ? or * to list all spells.
Aiming: Passwall (safe; 1% risk of failure)
Press: ? - help, Dir - move target, p - death yak A rock wall.
* * * LOW HITPOINT WARNING * * *
Your wolf bites the death yak.
Your crimson imp blinks!
You begin to meditate on the wall.
You continue meditating on the rock.
Your wolf completely misses the death yak.
The death yak gores you!!
You die...

...........# .# #
.........#.####.# #
.........#.......# #
......#.....###..#######
..#.>.5)....#...........
............#...........
............§...........
........h...#.....# ####
##.....@Yo#.......# #
####..######.###Y# #
....# #.o.YY# #
#...########.##########
......................##
.......#####.##.#.###.##
... #.##>#...<.Y. ##.
#>#..........
#.##.#..##.#.


You could see a death yak (ally target), an orc, a friendly wolf (summoned) and
a friendly crimson imp (summoned).

Vanquished Creatures
  A two-headed ogre (D:8)
  A death yak (D:9)
  A hornet (D:8)
  2 yaks (D:9)
  A steam dragon (D:9)
  A water moccasin (D:7)
  A hornet zombie (D:6)
  2 orc warriors
  An ogre (D:5)
  4 centaurs
  A phantom (D:4)
  A scorpion (D:4)
  A water moccasin zombie (D:5)
  A water moccasin skeleton (D:5)
  A wight (D:7)
  2 howler monkeys
  2 bullfrog zombies
  2 centaur zombies
  4 hounds
  5 orc priests
  A gnoll shaman (D:8)
  A bullfrog skeleton (D:5)
  3 iguanas
  A scorpion zombie (D:5)
  6 orc wizards
  11 gnolls
  A howler monkey skeleton (D:6)
  5 adders
  A white imp (D:8)
  An ufetubus (D:6)
  3 dart slugs
  26 orcs
  A ball python (D:1)
  6 bats
  5 endoplasms
  18 giant cockroaches
  9 goblins
  3 hobgoblins
  15 jackals
  A quokka (D:4)
  4 frilled lizards
  9 kobolds
  8 rats
174 creatures vanquished.

Vanquished Creatures (collateral kills)
  A death yak (D:9)
  A wyvern (D:8)
  2 yaks (D:9)
  A steam dragon (D:8)
  3 orc warriors
  An ogre (D:6)
  A bullfrog (D:8)
  A gnoll sergeant (D:9)
  2 wights (D:7)
  3 orc priests (D:9)
  A jelly (D:4)
  A bullfrog skeleton (D:5)
  4 orc wizards (D:9)
  A centaur skeleton (D:4)
  A gnoll (D:8)
  A white imp (D:7)
  13 orcs
38 creatures vanquished.

Vanquished Creatures (others)
  2 orcs (D:8)
  652 foxfires
654 creatures vanquished.

Grand Total: 866 creatures vanquished

Notes
Turn   | Place    | Note
-------+----------+-------------------------------------------
     0 | D:1      | SkeletonJelly the Djinni Cinder Acolyte began the quest for
                  | the Orb.
     0 | D:1      | Reached XP level 1. HP: 20/20 MP: 0/0
   311 | D:1      | Reached XP level 2. HP: 24/25 MP: 0/0
   365 | D:1      | Found Situneapo's Antique Armour Boutique.
   790 | D:1      | Reached XP level 3. HP: 26/30 MP: 0/0
   790 | D:1      | Learned a level 1 spell: Freeze
  1201 | D:1      | Reached skill level 2 in Spellcasting
  2769 | D:3      | Reached XP level 4. HP: 31/35 MP: 0/0
  3994 | D:3      | Reached XP level 5. HP: 35/40 MP: 0/0
  3994 | D:3      | Learned a level 2 spell: Call Imp
  4501 | D:4      | Reached skill level 3 in Spellcasting
  4908 | D:4      | Reached XP level 6. HP: 40/46 MP: 0/0
  5270 | D:4      | Reached skill level 4 in Spellcasting
  5840 | D:4      | Reached XP level 7. HP: 46/50 MP: 0/0
  5840 | D:4      | Learned a level 2 spell: Passwall
  5953 | D:5      | Entered Level 5 of the Dungeon
  6084 | D:5      | Reached skill level 5 in Spellcasting
  6198 | D:5      | Found Joiseuq's Distillery.
  6526 | D:5      | Reached XP level 8. HP: 46/56 MP: 0/0
  6952 | D:5      | Reached skill level 6 in Spellcasting
  7989 | D:6      | Found Makus's Weapon Emporium.
  8060 | D:6      | Reached skill level 7 in Spellcasting
  9059 | D:6      | Reached XP level 9. HP: 57/60 MP: 0/0
  9059 | D:6      | Learned a level 3 spell: Call Canine Familiar
  9367 | D:6      | Reached skill level 8 in Spellcasting
  9775 | D:7      | Found a staircase to the Ecumenical Temple.
  9781 | Temple   | Entered the Ecumenical Temple
 10797 | D:8      | Reached skill level 9 in Spellcasting
 10898 | D:8      | Identified the ring "Zuaga" {rC- rN+ Will+ Dex+4}
 11144 | D:8      | Found a shimmering altar of Xom.
 11284 | D:8      | Found a bloodstained altar of Trog.
 11287 | D:8      | Noticed a hornet
 11298 | D:8      | Killed a hornet
 11821 | D:8      | Noticed a two-headed ogre
 11859 | D:8      | Killed a two-headed ogre
 11860 | D:8      | Reached skill level 10 in Spellcasting
 11860 | D:8      | Reached XP level 10. HP: 48/67 MP: 0/0
 12981 | D:9      | Noticed a death yak
 12982 | D:9      | Noticed a death yak
 12987 | D:9      | Noticed a death yak
 14231 | D:9      | Reached skill level 11 in Spellcasting
 14312 | D:9      | Killed a death yak
 15052 | D:9      | Killed a death yak
 15053 | D:9      | Reached XP level 11. HP: 64/71 MP: 0/0
 15053 | D:9      | Learned a level 5 spell: Lee's Rapid Deconstruction
 15562 | D:9      | Found a staircase to the Lair.
 15599 | D:9      | Slain by a death yak

Illustrated notes

Levels and vault maps discovered:
D:1:      minmay_arrival_open_corners, layout_basic, serial_shops,
          nicolae_shop_window_shopping
D:2:      layout_basic
D:3:      minmay_roachtagon, layout_loops_corners,
          chequers_serial_rivers_large_b
D:4:      layout_layer_cave
D:5:      layout_basic, serial_shops, kennysheep_little_box
D:6:      layout_basic, serial_shops, nicolae_inconvenience_store
D:7:      layout_basic, minmay_temple_entry_offerings
D:8:      layout_basic, lemuel_tele_altar, hangedman_feature_mirror
D:9:      layout_loops_cross, dpeg_lair_monsters, hiddenorc1_lemuel
Temple:   grunt_wide_crystal_templ

Skill      XL: |  1  2  3  4  5  6  7  8  9 10 |
---------------+-------------------------------+-----
Long Blades    | 3 4 |  4.0
Spellcasting   | 2 3 4 5 7 10 11 | 11.9
Fighting       | |  3.0

Action                   |  1- 3 |  4- 6 |  7- 9 | 10-12 || total
-------------------------+-------+-------+-------+-------++-------
Melee: Falchion          |    42 |    30 |    85 |    62 ||   219
 Cast: Foxfire           |    74 |   122 |   173 |    34 ||   403
       Call Imp          |       |     7 |    16 |    12 ||    35
       Freeze            |       |       |    31 |    39 ||    70
       Passwall          |       |       |     2 |     5 ||     7
       Call Canine Famil |       |       |    13 |    21 ||    34
Invok: Sea of Fire       |       |       |     1 |       ||     1
Evoke: Wand              |       |       |     4 |     1 ||     5
 Stab: Distracted        |       |       |       |     1 ||     1
Armor: Robe              |    23 |     2 |    70 |    42 ||   137
Dodge: Dodged            |    64 |    51 |   178 |    61 ||   354

Table legend: (Time is in decaauts)
 A = Elapsed time spent in this place.
 B = Non-inter-level travel time spent in this place.
 C = Inter-level travel time spent in this place.
 D = Time resting spent in this place.
 E = Time spent auto-exploring this place.
 F = Levels seen in this place.
 G = Mean time per level.
                   A        B        C        D        E       F      G
               +--------+--------+--------+--------+--------+-----+--------+
         Total |  15632 |  15194 |    438 |      0 |  13198 |  10 | 1563.2 |
       Dungeon |  15562 |  15139 |    423 |      0 |  13161 |   9 | 1729.1 |
        Temple |     69 |     54 |     15 |      0 |     37 |   1 |   69.0 |
               +--------+--------+--------+--------+--------+-----+--------+

Top non-repeatable levels by time:
     D:8: 3048 daAuts
     D:5: 1978 daAuts
     D:6: 1820 daAuts
     D:9: 1795 daAuts
     D:3: 1761 daAuts
     D:1: 1549 daAuts
     D:4: 1465 daAuts
     D:2: 1185 daAuts
     D:7: 958 daAuts
  Temple: 69 daAuts
